 Dungeon Crawl Stone Soup version 0.32-a0-656-g3542139ebd (webtiles) character file.

Game seed: 4014055683591662162

204332 senseless the Warrior (level 18, -14/139 HPs)
             Began as a Demonspawn Gladiator on Mar 8, 2024.
             Was the Champion of Hepliaklqana.
             Shot with an arrow by a satyr (24 damage)
             ... on level 3 of the Shoals on Mar 9, 2024.
             The game lasted 01:53:24 (31053 turns).

senseless the Warrior (Demonspawn Gladiator)       Turns: 31053, Time: 01:53:24

Health: -14/139    AC: 20    Str: 18    XL:     18   Next: 0%
Magic:  0/27       EV: 32    Int: 12    God:    Hepliaklqana [******]
Gold:   1039       SH:  0    Dex: 35    Spells: 17/17 levels left

rFire   + + .        b - +5 sling "Varr" {flame, rF+ rN+ Int+3}
rCold   + + .        (no shield)
rNeg    + + +        S - +6 scale mail "Gomiexori" {-Cast rElec Dex+9 Stlth+}
rPois   +            V - +0 hat of Honuf {rC+ rN++ Str+3}
rElec   +            o - scarf "Ceokoch" {rC+ rF+, Dex+4}
rCorr   .            (gloves unavailable)
SInv    .            Q - +2 pair of boots
Will    +....        u - amulet "Fyotauk" {Spirit Rampage rN+}
Stlth   ++           H - ring of flight
HPRegen 0.43/turn    W - ring of the Treeataur {rPois EV+5}
MPRegen 0.20/turn

%: no spellcasting, guardian spirit, rampage
@: afraid, on berserk cooldown, flying, slowed, very slow
A: reduced essence, slimy green scales 2, demonic guardian 2, demonic magic 3,
demonic touch 3
}: 1/15 runes: gossamer
a: Renounce Religion, Recall Ancestor, Ancestor Identity, Transference, Idealise


You were on level 3 of the Shoals.
You worshipped Hepliaklqana.
Hepliaklqana was exalted by your worship.
You visited 5 branches of the dungeon, and saw 29 of its levels.
You visited the Abyss 1 time.
You also visited: Gauntlet.

You collected 2682 gold pieces.
You spent 1643 gold pieces at shops.

Inventory:

Hand Weapons
 a - a +8 demon blade of flaming
 b - the +5 sling "Varr" (weapon) {flame, rF+ rN+ Int+3}
   (You found it on level 2 of the Dungeon)

   Int+3:     It affects your intelligence (+3).
   rF+:       It protects you from fire.
   rN+:       It protects you from negative energy.
Missiles
 c - 5 darts of dispersal
 d - 3 throwing nets
Armour
 o - the scarf "Ceokoch" (worn) {rC+ rF+, Dex+4}
   (You acquired it on level 4 of the Spider Nest)

   Dex+4:     It affects your dexterity (+4).
 Q - a +2 pair of boots (worn)
 S - the +6 scale mail "Gomiexori" (worn) {-Cast rElec Dex+9 Stlth+}
   (You bought it in a shop on level 2 of the Orcish Mines)

   Dex+9:     It affects your dexterity (+9).
   rElec:     It insulates you from electricity.
   -Cast:     It prevents spellcasting.
   Stlth+:    It makes you more stealthy.
 U - a +0 helmet of see invisible
 V - the +0 hat of Honuf (worn) {rC+ rN++ Str+3}
   (You found it in a Gauntlet)

   Str+3:     It affects your strength (+3).
   rC+:       It protects you from cold.
   rN++:      It greatly protects you from negative energy.
Jewellery
 i - a ring of protection from fire
 s - a +6 ring of dexterity
 u - the amulet "Fyotauk" (around neck) {Spirit Rampage rN+}
   (You bought it in a shop on level 2 of the Orcish Mines)

   [amulet of guardian spirit]

   Spirit:    It causes incoming damage to be divided between your reserves of
   health and magic.
   rN+:       It protects you from negative energy.
   Rampage:   It bestows one free step when moving towards enemies.
 w - a ring of see invisible
 y - the ring "Tuavu" {Ice Int+3 Slay+3}
   (You found it on level 3 of the Spider Nest)

   [ring of ice]

   Ice:       It enhances your ice magic.
   Int+3:     It affects your intelligence (+3).
   Slay+3:    It affects your accuracy & damage with ranged weapons and melee
   (+3).
   rF-:       It makes you vulnerable to fire.
   rC+:       It protects you from cold.
 H - a ring of flight (left hand)
 W - the ring of the Treeataur (right hand) {rPois EV+5}
   (You found it in a Gauntlet)

   [ring of evasion]

   EV+5:      It affects your evasion (+5).
   rPois:     It protects you from poison.
Wands
 f - a wand of flame (66)
 j - a wand of digging (5)
 C - a wand of polymorph (22)
 F - a wand of light (15)
 I - a wand of roots (6)
 M - a wand of paralysis (27)
Scrolls
 k - 3 scrolls of poison
 q - a scroll of silence
 t - a scroll of enchant armour
 v - 7 scrolls of teleportation
 x - 5 scrolls of fog
 A - 2 scrolls of revelation
 B - a scroll of immolation
 D - 4 scrolls of fear
 E - 3 scrolls of summoning
 K - 4 scrolls of blinking
 L - a scroll of amnesia
Potions
 g - 9 potions of curing
 h - 3 potions of magic
 l - 3 potions of attraction
 m - 10 potions of ambrosia
 n - 4 potions of brilliance
 p - 3 potions of lignification
 r - a potion of haste
 z - 3 potions of cancellation
 G - 3 potions of mutation
 N - 2 potions of resistance
 O - 6 potions of enlightenment
 R - a potion of invisibility
 Z - 4 potions of heal wounds


   Skills:
 * Level 17.2 Fighting
 * Level 13.7 Long Blades
 + Level 11.5 Ranged Weapons
 - Level 2.1 Throwing
 + Level 9.3 Armour
 * Level 16.0 Dodging
 - Level 12.3 Invocations


You had 17 spell levels left.
You didn't know any spells.
Your spell library contained the following spells:

 Spells                   Type           Power      Damage    Failure   Level
 Freeze                   Ice            0%         1d3       65%         1
 Kiss of Death            Conj/Necr      0%         2d5       65%         1
 Magic Dart               Conj           0%         1d3       65%         1
 Slow                     Hex            0%         N/A       65%         1
 Sting                    Conj/Alch      0%         1d3       65%         1
 Jinxbite                 Hex            0%         N/A       78%         2
 Mercury Vapours          Alch/Air       0%         N/A       78%         2
 Searing Ray              Conj           0%         2d4       78%         2
 Static Discharge         Conj/Air       0%         3-3/arc   78%         2
 Call Canine Familiar     Summ           0%         N/A       95%         3
 Confusing Touch          Hex            0%         N/A       95%         3
 Frozen Ramparts          Ice            0%         1d1       95%         3
 Fugue of the Fallen      Necr           0%         N/A       95%         3
 Hailstorm                Conj/Ice       0%         3d5       95%         3
 Ozocubu's Armour         Ice            0%         N/A       95%         3
 Sigil of Binding         Hex            0%         N/A       95%         3
 Vampiric Draining        Necr           0%         2d6       95%         3
 Volatile Blastmotes      Fire/Tloc      0%         2d10      95%         3
 Airstrike                Air            0%         2d(0-16)  100%        4
 Anguish                  Hex/Necr       0%         N/A       100%        4
 Cause Fear               Hex            0%         N/A       100%        4
 Dimensional Bullseye     Hex/Tloc       0%         N/A       100%        4
 Dispel Undead            Necr           0%         3d6       100%        4
 Fulminant Prism          Conj/Alch      0%         3d5       100%        4
 Iskenderun's Mystic Bla  Conj/Tloc      0%         2d3       100%        4
 Manifold Assault         Tloc           0%         N/A       100%        4
 Olgreb's Toxic Radiance  Alch           0%         N/A       100%        4
 Summon Lightning Spire   Summ/Air       0%         N/A       100%        4
 Metabolic Englaciation   Hex/Ice        0%         N/A       100%        5
 Yara's Violent Unravell  Hex/Alch       0%         3d3       100%        5
 Dispersal                Tloc           0%         N/A       100%        6
 Sculpt Simulacrum        Ice/Alch       0%         N/A       100%        6
 Enfeeble                 Hex            0%         N/A       100%        7
 Disjunction              Tloc           0%         N/A       100%        8
 Chain Lightning          Conj/Air       0%         N/A       100%        9
 Fire Storm               Conj/Fire      0%         5d1       100%        9
 Shatter                  Erth           0%         3d5*      100%        9


Dungeon Overview and Level Annotations

Branches:
Dungeon (15/15)            Temple (0/1) D:6            Lair (5/5) D:10
 Shoals (3/4) Lair:3       Spider (4/4) Lair:2        Slime (0/5) Lair:5
    Orc (2/2) D:11            Elf (0/3) Orc:2        Vaults (0/5) D:13
 Depths (0/4) D:15        Gauntlet (visited)

Altars:
Dithmenos
Hepliaklqana
Kikubaaqudgha
Nemelex Xobeh
Qazlal
Ru
Uskayaw
Vehumet
Wu Jian
Xom
Beogh

Shops:
Orc:2 =*[[((!


Innate Abilities, Weirdness & Mutations

Your life essence is reduced to manifest your ancestor. (-10% HP)
You are mostly covered in slimy green scales. (AC +3)
A demonic guardian rushes to your aid.
Spells you cast and wands you use may paralyse nearby enemies.
Your touch may irresistibly damage your foes and sap their willpower.


Message History

You slash the sea snake! You burn the sea snake.
The sea snake is moderately wounded.
The sea snake completely misses you. x2; The satyr shoots an arrow.
The arrow hits your hellwing!!
You slice the sea snake!! You burn the sea snake!
You kill the sea snake!
You hear an angry hiss.
Your hellwing hits the sea snake! x2; The sea snake bites your hellwing!
The satyr shoots an arrow.
The arrow hits your hellwing!!
Your hellwing dies!
Your hellwing disappears in a puff of smoke!
You have reached level 18!
Your demonic ancestry asserts itself...
Your wands become infused with your menacing aura.
Rostremos remembers more of their old skill.
You slice the sea snake!! You burn the sea snake.
You kill the sea snake!
A sea snake comes into view.
The satyr shoots an arrow.
The arrow hits you.
Your +8 demon blade of flaming stops flaming.
You feel clever.
The +5 sling "Varr" {flame, rF+ rN+ Int+3} bursts into flame!
b - the +5 sling "Varr" (weapon)
{flame, rF+ rN+ Int+3} The satyr shoots an arrow.
The arrow misses you.
Okay, then.
Fire: b) +5 sling "Varr" {flame, rF+ rN+ Int+3}
Press: ? - help, Q - select action, (/) - cycle Shift-Dir - straight line, f - satyr
Aim: a satyr, wielding a +0 longbow (inspiring fear, 74% to hit)
You shoot a sling bullet. The sling bullet hits the satyr!
The sling bullet burns the satyr.
The satyr is moderately wounded.
The satyr plays a lulling melody on its pipes!
You fall asleep.
The satyr shoots an arrow.
The arrow hits you but does no damage.
You hear a shout!
The sea snake bites you!!!
You wake up.
* * * LOW HITPOINT WARNING * * *
A demonic guardian appears!
The satyr shoots an arrow.
The arrow hits you!!
You die...
Hepliaklqana delivers you to your ancestors.

≈~~~...#..........P.
≈~~~~...............
≈≈~~~...............
~~~~~...............
~~..~~.c.............
~~...~..............P
~~~..~†....†S........
~~~~~~).[...@)......
~~~~...)[)........##
≈~~~~..#).3.......# ###
≈~~~~..##...##..~.# ....
≈≈~~~~....~!...~~.# .~~≈≈
≈≈≈~~~~~.~~~...[~.######.~~~≈
≈≈≈~~~~~~~~~~..~~P......P~~~≈
≈≈≈~~~~~~~~~~~~~~~~~.###.~~~~
~~~~~~~~~~~~~~~~..# #..~~≈


You could see a satyr (scary), a sea snake (ally target) and a friendly smoke
demon (summoned).

Vanquished Creatures
  Nikola (Spider:2)
  Arachne (Spider:2)
  Rupert (D:14)
  A kraken (Shoals:2)
  3 tentacled starspawn (Abyss:2)
  Kirke (Lair:4)
  Aizul (Spider:2)
  Ilsuiw (Shoals:3)
  2 emperor scorpions
  Louise (Shoals:3)
  3 ghost moths
  A cacodemon (Abyss:2)
  A draconian annihilator (Abyss:2)
  2 broodmothers (Spider:4)
  An ironbound preserver (D:12)
  A spark wasp (Spider:4)
  4 merfolk impalers
  A fire dragon (D:15)
  2 entropy weavers
  A rakshasa (D:15)
  A merfolk javelineer (Shoals:3)
  Harold (Lair:1)
  An ogre mage (D:15)
  8 hydras
  A catoblepas (Shoals:2)
  4 centaur warriors
  8 jorogumos
  A satyr (Shoals:2)
  A radroach (Spider:3)
  2 boulder beetles
  A merfolk aquamancer (Shoals:3)
  2 tengu warriors
  6 two-headed ogres
  A death scarab (Spider:3)
  6 demonic crawlers
  2 hell hogs (Lair:5)
  3 orc high priests
  2 sixfirhies (Abyss:2)
  3 skysharks
  A pharaoh ant (Spider:4)
  6 skeletal warriors
  8 sea snakes
  2 sun moths
  A flayed ghost (Abyss:2)
  3 slime creatures (D:12)
  12 orb spiders
  A lindwurm (Lair:5)
  8 harpies
  6 steelbarb worms
  14 wolf spiders
  Pikel (D:4)
  A deep elf pyromancer (D:15)
  A necromancer (D:15)
  5 orc knights
  10 fauns
  4 manticores
  10 ugly things
  2 cyclopes
  4 orc sorcerers (Orc:2)
  9 meliai
  A worldbinder (Abyss:2)
  9 moths of wrath
  2 molten gargoyles (Lair:5)
  6 black mambas
  2 elephants (Lair:3)
  4 merfolk sirens
  5 large abominations (Abyss:2)
  6 torpor snails
  2 water nymphs (Shoals:1)
  A kobold blastminer (Orc:1)
  11 cane toads
  5 gargoyles
  4 orange demons (Orc:1)
  A smoke demon (Abyss:2)
  13 komodo dragons
  A freezing wraith (D:14)
  2 rime drakes
  2 tengu conjurers
  A queen bee (Lair:5)
  6 trolls
  An ancient zyme (Abyss:2)
  13 merfolk
  2 polar bears
  4 wind drakes
  A spriggan zombie (D:15)
  13 tarantellas
  11 dream sheep
  9 blink frogs
  4 snapping turtles
  19 culicivoras
  4 water elementals
  31 jumping spiders
  2 centaur simulacra (Gauntlet)
  A ynoxinul (Abyss:2)
  2 shadows
  2 vampires (D:12)
  6 wyverns
  31 yaks
  4 hogs (Lair:4)
  55 redbacks
  2 steam dragons
  15 vampire mosquitoes
  2 basilisks
  3 wargs
  A harpy simulacrum (Gauntlet)
  A small abomination (Abyss:2)
  12 water moccasins
  2 acid dragons
  2 hell hounds (Lair:5)
  5 black bears
  14 orc warriors
  A sky beast (D:6)
  An ice beast (D:6)
  8 ogres
  18 wolves
  9 centaurs
  A lemure (D:4)
  2 phantoms
  4 kobold brigands
  7 bullfrogs
  7 scorpions
  3 wights (D:7)
  26 killer bees
  A troll zombie (D:11)
  4 howler monkeys
  3 lava snakes (Lair:5)
  A bombardier beetle (D:5)
  A hound (D:7)
  3 jellies (D:5)
  11 orc priests
  A sleepcap (D:7)
  3 iguanas
  Terence (D:3)
  21 orc wizards
  4 hell rats (Lair:3)
  7 ogre zombies (D:11)
  A gnoll (D:10)
  9 adders
  A shadow imp (D:6)
  4 white imps
  2 ufetubi (Abyss:2)
  2 dart slugs
  69 orcs
  5 bats
  6 endoplasms
  5 giant cockroaches
  10 goblins
  3 hobgoblins
  4 quokkas
  2 ball pythons (D:4)
  7 frilled lizards
  A gnoll skeleton (D:11)
  8 gnoll zombies (D:11)
  30 kobolds
  2 orc skeletons (D:11)
  9 orc zombies (D:11)
  5 rats
  4 starspawn tentacles (Abyss:2)
888 creatures vanquished.

Vanquished Creatures (collateral kills)
  Mlioglotl (Spider:4)
  Polyphemus (Shoals:2)
  A ghost moth (Spider:4)
  An orc warlord (Orc:1)
  A formless jellyfish (Shoals:3)
  A minotaur (Gauntlet)
  A merfolk javelineer (Shoals:1)
  An entropy weaver (Spider:4)
  A merfolk aquamancer (Shoals:3)
  A two-headed ogre (D:12)
  An orc high priest (Orc:2)
  2 demonic crawlers (Spider:4)
  A vampire mage (D:15)
  A storm dragon zombie (D:15)
  Urug (D:11)
  2 skysharks
  A sea snake (Shoals:1)
  A harpy (Shoals:2)
  2 wolf spiders (Spider:3)
  3 fauns
  3 ugly things (D:14)
  A cyclops (D:13)
  An elephant (Lair:3)
  A manticore (Orc:1)
  A black mamba (Lair:5)
  A water nymph (Shoals:1)
  2 cane toads
  An orange demon (Orc:1)
  A torpor snail (Lair:2)
  A rime drake (Lair:3)
  Maggie (D:7)
  A komodo dragon (Lair:4)
  3 merfolk (Shoals:1)
  2 wind drakes
  A tarantella (Spider:1)
  A blink frog (Lair:4)
  2 jumping spiders (Spider:4)
  A wraith (D:10)
  A culicivora (Spider:3)
  3 basilisks
  3 yaks
  A hog (Lair:4)
  5 redbacks
  A warg (Orc:1)
  A steam dragon (D:9)
  Edmund (D:6)
  An acid dragon (D:11)
  A water moccasin (Lair:2)
  2 hell hounds (Lair:5)
  2 orc warriors (Orc:2)
  2 ogres
  4 wolves
  A phantom (D:11)
  3 centaurs
  A kobold brigand (D:6)
  2 bullfrogs
  A gnoll sergeant (D:10)
  A scorpion (D:5)
  A killer bee (Lair:5)
  A howler monkey (D:8)
  9 orc priests
  2 orc wizards
  2 hell rats (Lair:3)
  2 gnolls (D:10)
  12 orcs
  2 giant cockroaches
  3 kobolds
  A gnoll skeleton (D:11)
  4 orc zombies (D:11)
  A butterfly (D:3)
127 creatures vanquished.

Vanquished Creatures (others)
  Roxanne (Spider:2)
  A sea snake (Shoals:1)
  A spriggan simulacrum (Abyss:2)
  A merfolk (Shoals:1)
  20 hexers
  An orc wizard (Orc:2)
  2 ancestors (D:4)
  An orc (Orc:2)
  2 starspawn tentacles (Abyss:2)
  4 tentacles (Shoals:2)
34 creatures vanquished.

Grand Total: 1049 creatures vanquished

Notes
Turn   | Place    | Note
-------+----------+-------------------------------------------
     0 | D:1      | senseless the Demonspawn Gladiator began the quest for the
                  | Orb.
     0 | D:1      | Reached XP level 1. HP: 16/16 MP: 1/1
   202 | D:1      | Gained mutation: A weak demonic guardian rushes to your
                  | aid. [demonic ancestry]
   202 | D:1      | Reached XP level 2. HP: 22/22 MP: 2/2
   799 | D:2      | Found a hazy altar of Hepliaklqana.
   805 | D:2      | Became a worshipper of Hepliaklqana the Forgotten
  1249 | D:2      | Reached XP level 3. HP: 25/28 MP: 3/3
  1395 | D:2      | Identified the +5 sling "Varr" {flame, rF+ rN+ Int+3}
  1706 | D:3      | Found a shimmering altar of Xom.
  1848 | D:3      | Reached skill level 3 in Fighting
  1848 | D:3      | Gained mutation: Spells you cast may paralyse adjacent
                  | enemies. [demonic ancestry]
  1848 | D:3      | Reached XP level 4. HP: 26/35 MP: 4/4
  1874 | D:3      | Noticed Terence
  1889 | D:3      | Killed Terence
  2010 | D:3      | Reached * piety under Hepliaklqana
  2235 | D:3      | Reached skill level 1 in Invocations
  2343 | D:4      | Identified a scroll of acquirement
  2343 | D:4      | Acquired a +6 demon blade of pain
  2343 | D:4      | Noticed a lemure
  2345 | D:4      | Noticed Pikel
  2387 | D:4      | Noticed a black bear
  2395 | D:4      | Killed a black bear
  2396 | D:4      | Reached skill level 1 in Ranged Weapons
  2396 | D:4      | Reached XP level 5. HP: 12/36 MP: 4/6
  2550 | D:4      | Noticed a lemure
  2557 | D:4      | Killed a lemure
  2564 | D:4      | Noticed a lemure
  2565 | D:4      | Noticed a lemure
  2570 | D:4      | Killed Pikel
  2571 | D:4      | Reached skill level 4 in Fighting
  2571 | D:4      | Gained mutation: You are partially covered in slimy green
                  | scales. (AC +2) [demonic ancestry]
  2571 | D:4      | Reached XP level 6. HP: 44/44 MP: 6/8
  2571 | D:4      | Gained mutation: You are mostly covered in slimy green
                  | scales. (AC +3) [demonic ancestry]
  2571 | D:4      | Reached XP level 7. HP: 49/49 MP: 6/9
  3262 | D:5      | Entered Level 5 of the Dungeon
  3285 | D:5      | Reached ** piety under Hepliaklqana
  3286 | D:5      | Remembered your ancestor Rostremos as a hexer
  3296 | D:5      | Found an ornate altar of the Wu Jian Council.
  3396 | D:5      | Reached skill level 5 in Fighting
  3791 | D:5      | Reached skill level 5 in Dodging
  3935 | D:5      | Reached XP level 8. HP: 55/55 MP: 10/10
  4256 | D:6      | Found an ancient bone altar of Kikubaaqudgha.
  4257 | D:6      | Found a shadowy altar of Dithmenos.
  4272 | D:6      | Found a stormy altar of Qazlal.
  4325 | D:6      | Noticed Edmund
  4331 | D:6      | Killed Edmund
  4369 | D:6      | Reached skill level 6 in Fighting
  4538 | D:6      | Found a staircase to the Ecumenical Temple.
  5005 | D:6      | Found a hazy altar of Hepliaklqana.
  5215 | D:7      | Reached skill level 5 in Long Blades
  5215 | D:7      | Reached skill level 5 in Invocations
  5302 | D:7      | Reached XP level 9. HP: 63/63 MP: 12/12
  5302 | D:7      | Found a hide-covered altar of Uskayaw.
  5376 | D:7      | Noticed Maggie
  5384 | D:7      | Killed Maggie
  5387 | D:7      | Reached *** piety under Hepliaklqana
  5431 | D:7      | Identified the +1 robe of Quiet Fog {MP+9}
  5533 | D:7      | Reached skill level 7 in Fighting
  5779 | D:8      | Noticed a two-headed ogre
  5782 | D:8      | Killed a two-headed ogre
  5792 | D:8      | Noticed a two-headed ogre
  5802 | D:8      | Killed a two-headed ogre
  5803 | D:8      | Reached skill level 8 in Fighting
  5803 | D:8      | Gained mutation: A demonic guardian rushes to your aid.
                  | [demonic ancestry]
  5803 | D:8      | Reached XP level 10. HP: 54/72 MP: 13/15
  6052 | D:8      | Found a sparkling altar of Nemelex Xobeh.
  6361 | D:9      | Found a radiant altar of Vehumet.
  6483 | D:9      | Reached skill level 5 in Ranged Weapons
  7079 | D:10     | Entered Level 10 of the Dungeon
  7134 | D:10     | Reached **** piety under Hepliaklqana
  7357 | D:10     | Found a staircase to the Lair.
  7780 | D:11     | Noticed Urug
  7798 | D:11     | Killed Urug
  7799 | D:11     | Reached skill level 9 in Fighting
  8162 | D:11     | Noticed a cyclops
  8175 | D:11     | Killed a cyclops
  8176 | D:11     | Gained mutation: Your touch may inflict minor irresistible
                  | damage on your foes. [demonic ancestry]
  8176 | D:11     | Reached XP level 11. HP: 62/80 MP: 15/17
  8347 | D:11     | Identified the +7 trident "Etivun" {freeze, ^Drain Int+4
                  | Dex+5}
  8533 | D:11     | Found a staircase to the Orcish Mines.
  9165 | D:11     | Reached skill level 10 in Fighting
  9587 | D:12     | Reached ***** piety under Hepliaklqana
  9663 | D:12     | Reached skill level 1 in Armour
  9958 | D:12     | Noticed a two-headed ogre
  9962 | D:12     | Killed a two-headed ogre
 10046 | D:12     | Gained mutation: Your touch may inflict irresistible damage
                  | on your foes. [demonic ancestry]
 10046 | D:12     | Reached XP level 12. HP: 32/89 MP: 18/18
 10284 | D:12     | Reached skill level 10 in Dodging
 10655 | D:13     | Noticed a centaur warrior
 10663 | D:13     | Killed a centaur warrior
 10738 | D:13     | Reached skill level 11 in Fighting
 10833 | D:13     | Noticed a boulder beetle
 10840 | D:13     | Killed a boulder beetle
 11024 | D:13     | Noticed an entropy weaver
 11025 | D:13     | Noticed an ironbound preserver
 11031 | D:13     | Noticed a boulder beetle
 11047 | D:12     | Killed a boulder beetle
 11119 | D:12     | Killed an ironbound preserver
 11151 | D:12     | Killed an entropy weaver
 11269 | D:13     | Found a gate to the Vaults.
 11679 | Lair:1   | Entered Level 1 of the Lair of Beasts
 11697 | Lair:1   | Reached skill level 10 in Invocations
 11751 | Lair:1   | Noticed Harold
 11758 | Lair:1   | Killed Harold
 11785 | Lair:1   | Found a gate leading to a gauntlet.
 11794 | Gauntlet | Entered a Gauntlet
 11794 | Gauntlet | Found a transporter.
 11795 | Gauntlet | Found a large runed translucent door.
 11796 | Gauntlet | Found a large runed translucent door.
 11797 | Gauntlet | Found a large runed translucent door.
 11797 | Gauntlet | Found a large runed translucent door.
 11797 | Gauntlet | Found a runed translucent door.
 11798 | Gauntlet | Found a large runed translucent door.
 11798 | Gauntlet | Noticed a tengu warrior
 11799 | Gauntlet | Found a large runed translucent door.
 11800 | Gauntlet | Found a large runed translucent door.
 11800 | Gauntlet | Found a large runed translucent door.
 11801 | Gauntlet | Found a runed translucent gate.
 11801 | Gauntlet | Found a runed translucent gate.
 11803 | Gauntlet | Found a transporter.
 11811 | Gauntlet | Found a runed translucent gate.
 11811 | Gauntlet | Found a runed translucent door.
 11812 | Gauntlet | Found a large runed translucent door.
 11812 | Gauntlet | Found a large runed translucent door.
 11813 | Gauntlet | Found a large runed translucent door.
 11814 | Gauntlet | Found a large runed translucent door.
 11818 | Gauntlet | Found a transporter.
 11823 | Gauntlet | Found a transporter.
 11844 | Gauntlet | Found a transporter.
 11857 | Gauntlet | Found a transporter.
 11869 | Gauntlet | Found a transporter.
 11879 | Gauntlet | Noticed a hell beast
 11881 | Gauntlet | Found a transporter.
 11891 | Gauntlet | Noticed a death scarab
 11893 | Gauntlet | Found a transporter.
 11897 | Gauntlet | Noticed a death scarab
 11905 | Gauntlet | Found a transporter.
 11922 | Gauntlet | Found a transporter.
 11922 | Gauntlet | Found a transporter.
 11942 | Gauntlet | Found a transporter.
 11962 | Gauntlet | Found a transporter.
 11984 | Gauntlet | Found a transporter.
 12061 | Gauntlet | Found a transporter.
 12086 | Gauntlet | Found a transporter.
 12088 | Gauntlet | Found a transporter.
 12104 | Gauntlet | Found a large runed translucent door.
 12104 | Gauntlet | Found a large runed translucent door.
 12105 | Gauntlet | Found a large runed translucent door.
 12106 | Gauntlet | Found a large runed translucent door.
 12133 | Gauntlet | Killed a tengu warrior
 12244 | Gauntlet | Identified the +0 hat of Honuf {rC+ rN++ Str+3}
 12414 | Gauntlet | Identified the ring of the Treeataur {rPois EV+5}
 12532 | Gauntlet | Noticed a minotaur
 12541 | Gauntlet | Killed a minotaur
 12604 | Lair:1   | Gained mutation: Your touch may irresistibly damage your
                  | foes and sap their willpower. [demonic ancestry]
 12604 | Lair:1   | Reached XP level 13. HP: 96/96 MP: 20/20
 12834 | Lair:1   | Reached skill level 12 in Fighting
 13167 | Lair:2   | Found a hole to the Spider Nest.
 14239 | Lair:3   | Found a staircase to the Shoals.
 14860 | Lair:4   | Reached ****** piety under Hepliaklqana
 15178 | Lair:4   | Reached skill level 5 in Armour
 15276 | Lair:4   | Noticed Kirke
 15284 | Lair:4   | Noticed a sphinx
 15297 | Lair:4   | Killed Kirke
 15457 | Lair:4   | Reached skill level 13 in Fighting
 15640 | Lair:5   | Entered Level 5 of the Lair of Beasts
 15654 | Lair:4   | Reached XP level 14. HP: 49/106 MP: 22/22
 16518 | Lair:5   | Found the +8 demon blade "Leech" {evervamp, Harm ^Drain
                  | rN+}
 16519 | Lair:5   | Found a large runed translucent door.
 16519 | Lair:5   | Found a large runed translucent door.
 17299 | Lair:5   | Found a staircase to the Slime Pits.
 17763 | Spider:1 | Entered Level 1 of the Spider Nest
 18070 | Shoals:1 | Entered Level 1 of the Shoals
 18481 | Orc:1    | Entered Level 1 of the Orcish Mines
 18920 | Orc:1    | Reached skill level 14 in Fighting
 19346 | Orc:2    | Entered Level 2 of the Orcish Mines
 19348 | Orc:2    | Found Ecugit's Antique Armour Shoppe.
 19378 | Orc:2    | Bought a pair of glowing boots for 262 gold pieces
 19391 | Orc:2    | Bought a runed chain mail for 262 gold pieces
 19391 | Orc:2    | Bought a dazzling scale mail for 315 gold pieces
 19391 | Orc:2    | Identified the +6 scale mail "Gomiexori" {-Cast rElec Dex+9
                  | Stlth+} (You bought it in a shop on level 2 of the Orcish
                  | Mines)
 19501 | Orc:2    | Found a roughly hewn altar of Beogh.
 19545 | Orc:2    | Found Niufuos's Distillery.
 19556 | Orc:2    | Bought a potion of mutation for 104 gold pieces
 19563 | Orc:2    | Found Syrghiri's Weapon Shoppe.
 19621 | Orc:2    | Found a staircase to the Elven Halls.
 19708 | Orc:2    | Noticed an orc warlord
 19729 | Orc:1    | Killed an orc warlord
 19730 | Orc:1    | Reached skill level 10 in Long Blades
 20016 | Orc:1    | Reached XP level 15. HP: 102/113 MP: 24/24
 20566 | Orc:2    | Found Itzetael's General Store.
 20567 | Orc:2    | Found Besoot Dupsy's Jewellery Shop.
 20568 | Orc:2    | Found Pulutz's Antique Armour Shop.
 20568 | Orc:2    | Found Fefei's Antique Weapon Boutique.
 20585 | Orc:2    | Bought the amulet "Fyotauk" {Spirit Rampage rN+} for 700
                  | gold pieces
 20797 | D:14     | Found a sacrificial altar of Ru.
 21149 | D:14     | Noticed Rupert
 21157 | D:14     | Killed Rupert
 21225 | D:14     | You fall into a shaft and drop 1 floor!
 21225 | D:15     | Entered Level 15 of the Dungeon
 21655 | D:15     | Found a staircase to the Depths.
 21880 | D:15     | Identified the blade talisman "Cahoin" {*Corrode +Blink
                  | rF+}
 22433 | Spider:1 | Reached skill level 15 in Fighting
 22576 | Spider:1 | Reached skill level 10 in Ranged Weapons
 23095 | Spider:2 | Noticed Arachne
 23107 | Spider:2 | Killed Arachne
 23117 | Spider:2 | Identified the serpent talisman of Failure {Will+ Int+5}
 23117 | Spider:2 | Noticed Aizul
 23126 | Spider:2 | Killed Aizul
 23365 | Spider:2 | Noticed Roxanne
 23367 | Spider:2 | Noticed Nikola
 23376 | Spider:2 | Killed Roxanne
 23377 | Spider:2 | Reached XP level 16. HP: 73/122 MP: 14/25
 23382 | Spider:2 | Killed Nikola
 24243 | Spider:3 | Identified the ring "Tuavu" {Ice Int+3 Slay+3}
 24706 | Spider:3 | Identified the +1 ring mail of Good Intentions {rF+ Str+2}
 25673 | Spider:4 | Entered Level 4 of the Spider Nest
 25879 | Spider:4 | Reached skill level 16 in Fighting
 26095 | Spider:4 | HP: 2/124 [emperor scorpion (12)]
 26103 | Spider:4 | Reached skill level 15 in Dodging
 26476 | Spider:4 | Got a gossamer rune of Zot
 26866 | Spider:4 | Gained mutation: Spells you cast may paralyse nearby
                  | enemies. [demonic ancestry]
 26866 | Spider:4 | Reached XP level 17. HP: 95/129 MP: 18/26
 27158 | Spider:4 | Noticed Mlioglotl
 27175 | Spider:4 | Killed Mlioglotl
 27258 | Spider:4 | Acquired the scarf "Ceokoch" {rC+ rF+, Dex+4}
 29857 | Shoals:2 | Noticed a kraken
 29871 | Shoals:2 | Killed a kraken
 30128 | Shoals:2 | Noticed Polyphemus
 30151 | Shoals:2 | Killed Polyphemus
 30291 | Shoals:2 | You are sucked into a shaft and drop 1 floor!
 30490 | Shoals:3 | Reached skill level 17 in Fighting
 30509 | Shoals:3 | Noticed Louise
 30511 | Shoals:3 | Noticed Ilsuiw
 30538 | Abyss:2  | Cast into level 2 of the Abyss (Louise)
 31001 | Shoals:3 | Escaped the Abyss
 31008 | Shoals:3 | Killed Ilsuiw
 31016 | Shoals:3 | Killed Louise
 31047 | Shoals:3 | Gained mutation: Spells you cast and wands you use may
                  | paralyse nearby enemies. [demonic ancestry]
 31047 | Shoals:3 | Reached XP level 18. HP: 48/139 MP: 11/27
 31053 | Shoals:3 | Shot with an arrow by a satyr

Illustrated notes

Levels and vault maps discovered:
D:1:      amcnicky_arrival_double_pillar, layout_basic
D:2:      minmay_chambers_of_ones, layout_loops_corners, basic_altar
D:3:      layout_rooms, xom_butterflies, elyvilon_altar_5, uniq_terence
D:4:      minmay_inner_zag, layout_basic, uniq_pikel
D:5:      layout_loops_corners, amcnicky_altar_gilded, nicolae_zig_zag_zippers
D:6:      layout_basic, mainiacjoe_overflow_paths, grunt_temple_overflow_open,
          minmay_temple_entry_waves, uniq_edmund
D:7:      layout_rooms, nicolae_uskayaw_murder_on_the_dancefloor, uniq_maggie
D:8:      layout_rooms, overflow_temple_1_default, serial_park_tiny_1
D:9:      layout_loops_cross, vehumet_crystals
D:10:     layout_small_grid, lair_entry_dummy, bh_walls_and_bars
D:11:     layout_loops_ring, zombieorc2_lemuel, serial_bayou_crossing, uniq_urug
D:12:     layout_roguey
D:13:     layout_rooms, hellmonk_vaults_order_and_chaos
D:14:     layout_gridville, nicolae_ru_path_of_blood,
          kennysheep_generic_room_13, uniq_rupert
D:15:     gammafunk_depths_entry_grave, layout_loops_ring
Lair:1:   layout_long_grid, gauntlet_entry_generic,
          grunt_forest_large_clearings, infiniplex_staircase_pool_2, uniq_harold
Lair:2:   layout_chaotic_city, nicolae_spider_entry_orb_guardian,
          lemuel_fruit_tree
Lair:3:   layout_chaotic_city, elwin_shoals_entry_rooms
Lair:4:   layout_concentric_octagons, grunt_megastairs_1, serial_bayou_shore_a,
          uniq_kirke
Lair:5:   cheibrodos_lair_end_hotspot, layout_small_grid, slime_entry_1,
          special_room [special_room_bee], serial_bayou_pond_b
Shoals:1: layout_shoals, nicolae_shoals_arrival_archipelago
Shoals:2: layout_shoals, nicolae_shoals_kraken_party, uniq_polyphemus
Shoals:3: cheibrodos_shoals_three_sisters, layout_shoals, serial_shops,
          nicolae_shop_crystal, uniq_mara, uniq_ilsuiw, uniq_louise
Spider:1: layout_spider_delve
Spider:2: layout_cave_pods, uniq_nikola, uniq_arachne, uniq_roxanne, uniq_aizul
Spider:3: layout_spider_delve, drop_trap
Spider:4: johnstein_spider_rune_arachne_lair, guppyfry_spider_mini_2,
          uniq_mlioglotl
Orc:1:    layout_caves, einodemon_barbed_minivault
Orc:2:    st_orc_congregation, layout_caves, serial_shops, shop,
          nicolae_shop_pleasant_corner_grove, nicolae_shop_industrial_runoff,
          lemuel_statue_altar

Skill      XL: |  1  2  3  4  5  6  7  8  9 10 11 12 13 14 15 16 17 |
---------------+----------------------------------------------------+-----
Throwing       | 2 |  2.1
Dodging        | 3 4 5 6 7 8 9 11 12 13 14 15 16 | 16.0
Long Blades    | 3 4 5 6 7 8 9 10 11 12 13 | 13.7
Fighting       | 3 4 5 6 8 9 10 11 13 14 15 16 17 | 17.2
Invocations    | 1 3 5 6 8 9 10 11 12 | 12.3
Ranged Weapons | 1 2 3 4 5 6 7 8 9 10 11 | 11.5
Armour         | 1 3 5 6 7 8 9 |  9.3

Action                     |  1- 3 |  4- 6 |  7- 9 | 10-12 | 13-15 | 16-18 || total
---------------------------+-------+-------+-------+-------+-------+-------++-------
  Melee: Long sword        |    79 |    11 |       |       |       |       ||    90
         Demon blade       |       |     8 |    40 |   343 |   878 |   769 ||  2038
         Touch             |       |       |       |    72 |   163 |   174 ||   409
   Fire: Sling             |    17 |    41 |   142 |   301 |   193 |    31 ||   725
  Throw: Throwing net      |       |       |       |     1 |     1 |       ||     2
 Invoke: Ancestor Life: He |       |       |     1 |       |       |       ||     1
         Idealise          |       |       |       |     1 |       |       ||     1
         Recall Ancestor   |       |       |       |       |     1 |       ||     1
    Use: Scroll            |       |    10 |    11 |    11 |     5 |     5 ||    42
         Potion            |       |       |       |     4 |     4 |     4 ||    12
   Stab: Sleeping          |     1 |       |       |       |     4 |     9 ||    14
         Confused          |       |       |     4 |     4 |    22 |    27 ||    57
         Distracted        |       |       |     2 |     3 |    12 |     9 ||    26
         Paralysed         |       |       |       |       |    21 |    43 ||    64
         Held in net/web   |       |       |       |       |     4 |       ||     4
 Armour: Leather armour    |    30 |       |       |       |       |       ||    30
         Scale mail        |    17 |    31 |    43 |   256 |   431 |   344 ||  1122
         Skin              |       |       |       |       |    40 |       ||    40
  Dodge: Dodged            |    50 |    11 |    42 |   307 |  1074 |   899 ||  2383

Table legend: (Time is in decaauts)
 A = Elapsed time spent in this place.
 B = Non-inter-level travel time spent in this place.
 C = Inter-level travel time spent in this place.
 D = Time resting spent in this place.
 E = Time spent auto-exploring this place.
 F = Levels seen in this place.
 G = Mean time per level.
                   A        B        C        D        E       F      G
               +--------+--------+--------+--------+--------+-----+--------+
         Total |  30937 |  29218 |   1719 |   3336 |  20600 |  31 |  998.0 |
       Dungeon |  13736 |  13172 |    564 |    636 |  10291 |  15 |  915.7 |
          Lair |   6225 |   5464 |    761 |    778 |   3746 |   5 | 1245.0 |
        Shoals |   2395 |   2326 |     69 |      4 |   1929 |   3 |  798.3 |
   Spider Nest |   5350 |   5064 |    286 |   1087 |   3076 |   4 | 1337.5 |
  Orcish Mines |   2014 |   1977 |     37 |    573 |    919 |   2 | 1007.0 |
         Abyss |    441 |    441 |      0 |    146 |    214 |   1 |  441.0 |
      Gauntlet |    774 |    774 |      0 |    112 |    423 |   1 |  774.0 |
               +--------+--------+--------+--------+--------+-----+--------+

Top non-repeatable levels by time:
Spider:4: 1958 daAuts
    D:11: 1851 daAuts
  Lair:5: 1671 daAuts
Spider:3: 1554 daAuts
    D:12: 1364 daAuts
Shoals:1: 1356 daAuts
  Lair:2: 1323 daAuts
   Orc:1: 1303 daAuts
  Lair:3: 1277 daAuts
  Lair:4: 1179 daAuts
Spider:2: 1161 daAuts
    D:10: 1096 daAuts
     D:6: 1049 daAuts
    D:15: 1008 daAuts
     D:4: 1004 daAuts
